Map: [ESL] Inside and Out

Players

trigger - Winner!

  • Race: Protoss Protoss
  • League: Grandmaster
  • Spawn Location: 1:00

soO

  • Race: Zerg Zerg
  • Spawn Location: 7:00

Event: HomeStory Cup XXII

VOD

Have the link to the VOD?

Description

Time

  • Played on: Dec. 16, 2022, 3:35 p.m.
  • Length: 9:04

All games in this series

Show
View Real Time Build Order
Export as new Build Order

trigger Protoss - Winner!

Build Orders: 1 Gate Expand, Oracle Opening 

Get SALT Encoding   

  12  0:00  Probe  
  13  0:12  Probe  
  14  0:19  Pylon  
  14  0:24  Probe (Chrono Boost)  
  15  0:37  Probe (Chrono Boost)  
  15  0:38  Gateway  
  16  0:46  Probe (Chrono Boost), Assimilator  
  17  0:51  Probe  
  18  1:03  Probe  
  19  1:15  Probe  
  20  1:22  Nexus  
  20  1:33  Cybernetics Core  
  20  1:36  Probe  
  21  1:42  Assimilator  
  21  1:49  Pylon  
  21  1:51  Probe  
  22  2:03  Probe (Chrono Boost)  
  23  2:09  Adept  
  23  2:14  Probe (Chrono Boost)  
  26  2:17  Stargate  
  26  2:19  Probe (Chrono Boost)  
  27  2:24  Warp Gate  
  28  2:30  Probe (Chrono Boost)  
  28  2:37  Probe (Chrono Boost)  
  29  2:39  Adept, Probe (Chrono Boost)  
  29  2:44  Probe (Chrono Boost)  
  32  2:46  Probe (Chrono Boost)  
  32  2:49  Probe (Chrono Boost)  
  34  2:56  Probe, Gateway  
  35  3:01  Probe  
  35  3:02  Oracle (Chrono Boost)  
  39  3:08  Probe  
  40  3:13  Probe  
  41  3:20  Probe  
  41  3:21  Pylon  
  41  3:25  Probe  
  43  3:32  Probe  
  44  3:36  Oracle (Chrono Boost)  
  44  3:38  Gateway  
  44  3:39  Probe  
  47  3:47  Probe  
  46  3:54  Probe  
  47  3:59  Probe, Pylon  
  47  4:00  Twilight Council  
  47  4:05  Pylon  
  47  4:08  Probe  
  48  4:13  Adept x2  
  48  4:16  Gateway  
  52  4:19  Gateway  
  52  4:20  Pylon  
  52  4:25  Probe  
  52  4:29  Probe  
  54  4:33  Nexus  
  54  4:35  Resonating Glaives (Chrono Boost), Pylon  
  54  4:36  Adept x2  
  58  4:44  Probe x2  
  59  4:56  Adept x2, Probe  
  59  4:57  Assimilator  
  59  4:59  Assimilator  
  64  5:00  Probe  
  64  5:01  Pylon  
  65  5:08  Probe, Pylon  
  65  5:13  Stalker x2  
  70  5:17  Probe  
  71  5:26  Robotics Facility, Probe  
  72  5:29  Probe, Forge  
  73  5:38  Probe  
  73  5:39  Shield Battery  
  73  5:41  Pylon  
  74  5:43  Probe (Chrono Boost)  
  75  5:54  Probe (Chrono Boost)  
  75  5:57  Blink (Chrono Boost)  
  77  5:59  Probe (Chrono Boost), Stalker x4  
  77  6:02  Protoss Ground Weapons Level 1  
  85  6:04  Probe (Chrono Boost)  
  85  6:05  Probe (Chrono Boost)  
  85  6:08  Probe (Chrono Boost)  
  88  6:11  Probe  
  88  6:13  Observer (Chrono Boost)  
  88  6:15  Probe  
  91  6:20  Probe  
  91  6:22  Pylon  
  91  6:24  Stalker  
  91  6:25  Stalker x2  
  98  6:31  Stalker  
  100  6:33  Warp Prism (Chrono Boost)  
  99  6:41  Probe x2  
  99  6:42  Assimilator  
  101  6:47  Gateway x2  
  101  6:51  Probe  
  101  6:52  Gateway  
  102  6:55  Gateway  
  102  6:57  Stalker  
  102  7:00  Stalker  
  106  7:05  Stalker x2  
  110  7:10  Probe, Pylon  
  111  7:21  Pylon  
  111  7:25  Pylon  
  111  7:31  Stalker x4  
  115  7:44  Stalker  
  115  7:45  Stalker  
  115  7:46  Immortal  
  123  7:51  Stalker  
  123  7:54  Adept x3  
  123  7:55  Adept  
  127  8:02  Stalker  
  129  8:06  Gateway  
  119  8:13  Stalker x2  
  119  8:16  Stalker x5  
  111  8:31  Stalker  
  109  8:34  Stalker  
  109  8:38  Stalker  
  109  8:39  Stalker x5  
Show
View Real Time Build Order
Export as new Build Order

soO Zerg 

Build Orders: Hatch First 

Get SALT Encoding   

  12  0:01  Drone  
  13  0:12  Overlord  
  13  0:16  Drone  
  14  0:30  Drone x2  
  16  0:48  Hatchery  
  15  0:50  Drone  
  15  0:54  Drone  
  17  0:58  Drone  
  17  1:01  Extractor  
  17  1:13  Spawning Pool  
  17  1:17  Drone  
  17  1:20  Drone  
  18  1:28  Drone  
  19  1:38  Drone  
  20  1:49  Overlord  
  20  1:59  Queen  
  20  2:00  Queen  
  20  2:01  Zergling x4  
  25  2:08  Metabolic Boost  
  26  2:15  Drone  
  26  2:17  Drone  
  28  2:36  Zergling x4, Hatchery  
  29  2:42  Overlord  
  29  2:44  Zergling x2  
  29  2:48  Zergling x2  
  29  2:49  Zergling x2  
  32  3:01  Zergling x4  
  34  3:07  Zergling x6  
  37  3:15  Drone x3  
  37  3:16  Overlord  
  37  3:19  Drone x2  
  41  3:27  Overlord  
  41  3:28  Drone  
  42  3:38  Drone x2  
  42  3:41  Queen  
  42  3:43  Drone x3  
  42  3:45  Drone  
  44  3:50  Queen  
  44  3:54  Drone x2  
  48  4:00  Queen  
  49  4:05  Drone  
  49  4:07  Spore Crawler  
  49  4:08  Drone  
  49  4:11  Drone  
  49  4:20  Drone  
  49  4:21  Drone x2  
  49  4:22  Overlord  
  52  4:25  Spore Crawler  
  52  4:27  Spore Crawler  
  52  4:30  Drone x3  
  54  4:34  Overlord  
  54  4:36  Drone x2  
  56  4:40  Overlord  
  56  4:41  Drone x3  
  56  4:44  Spore Crawler  
  56  4:45  Drone  
  59  4:47  Drone  
  59  4:51  Spore Crawler, Drone x3  
  59  4:52  Drone  
  61  4:56  Drone  
  61  4:59  Overlord  
  63  5:02  Queen  
  63  5:03  Drone x3  
  68  5:10  Drone x2  
  68  5:13  Drone  
  68  5:14  Drone x2  
  73  5:17  Drone x2  
  75  5:22  Zergling x2  
  75  5:25  Lair, Evolution Chamber  
  75  5:28  Extractor  
  74  5:30  Zergling x10  
  74  5:33  Zergling x6  
  82  5:38  Overlord  
  82  5:43  Drone x2  
  82  5:47  Zergling x6  
  87  5:50  Drone  
  87  5:53  Drone x2, Zerg Melee Weapons Level 1  
  86  5:57  Drone  
  86  5:58  Drone  
  86  6:01  Zergling x4, Extractor  
  89  6:05  Queen, Drone x2  
  89  6:07  Extractor  
  89  6:10  Baneling Nest  
  91  6:14  Drone, Hatchery  
  91  6:15  Drone x4  
  91  6:17  Extractor  
  91  6:18  Extractor  
  93  6:21  Drone x3, Hatchery  
  93  6:23  Zergling x2  
  96  6:28  Overlord  
  96  6:38  Overlord  
  96  6:41  Overlord  
  96  6:42  Overlord  
  96  6:43  Hydralisk Den  
  96  6:44  Overlord  
  95  6:49  Zergling x2  
  95  6:50  Zergling x4, Overseer  
  95  6:52  Overlord x2  
  95  6:53  Centrifugal Hooks, Overlord  
  98  7:00  Zergling x10  
  103  7:07  Zergling x4  
  105  7:11  Drone  
  105  7:12  Infestation Pit  
  105  7:14  Zergling x8  
  105  7:15  Grooved Spines  
  108  7:24  Zergling x18, Overseer  
  115  7:35  Zergling x10  
  115  7:39  Hydralisk  
  115  7:40  Hydralisk  
  115  7:41  Baneling x3  
  115  7:42  Baneling x5, Hydralisk x2  
  115  7:43  Zergling x2  
  121  7:47  Hydralisk  
  121  7:48  Zergling x10  
  127  7:56  Zergling x6  
  119  7:59  Zergling x2, Hydralisk  
  119  8:00  Zergling x8  
  123  8:07  Zergling x4  
  110  8:14  Hydralisk x2  
  110  8:15  Zergling x4  
  110  8:19  Zergling x4  
  108  8:20  Hydralisk  
  108  8:23  Zergling x2  
  108  8:24  Zergling x2  
  99  8:30  Zergling x4  
  99  8:31  Zergling x2  
  99  8:34  Hydralisk  
  94  8:40  Zergling x2, Hydralisk  
  95  8:47  Zergling x6  
Tags
 
Add a new tag
Caveats
  • Supply blocks, unpowered buildings, or Contaminate may cause inaccurate times.
  • Supply counts are checked every 10 seconds.